 Adventure DCSS version bcrawl-1.23.1 (webtiles) character file.

Game seed: 15861063074231025701

73169 funkygono the Eclecticist (level 14, -2/79 HPs)
             Began as a Fairy Conjurer on May 23, 2020.
             Was the Champion of Vehumet.
             Succumbed to a ghost moth's poison
             ... on level 2 of the Lair of Beasts on May 24, 2020.
             The game lasted 01:57:20 (31798 turns).

funkygono the Eclecticist (Fairy Conjurer)         Turns: 31798, Time: 01:57:20

Health: -2/79      AC: 16    Str: 11      XL:     14   Next: 98%
Magic:  22/36      EV: 17    Int: 26 (27) God:    Vehumet [******]
Gold:   2265       SH: 28    Dex: 11 (13) Spells: 13/46 levels left
                                        Lives:  0   Deaths: 2

rFire    x . .     SeeInvis .   B - +5 whip of Atul {elec, +Inv rF- rC+ Int+3}
rCold    + + .     Gourm    .   y - +8 medium shield of Qebroralau {+Fly rC+ MR++ Dex-2}
rNeg     . . .     Faith    .   (armour unavailable)
rPois    .         Spirit   .   O - +2 hat
rElec    .         Reflect  .   v - +2 cloak
rCorr    .         Harm     .   q - +1 pair of gloves
MR       +++..                  g - +1 pair of boots
Stlth    +.........             K - amulet of the acrobat
HPRegen  0.23/turn              H - +5 ring of strength
MPRegen  0.25/turn              M - ring of wizardry

@: lethally poisoned (-2 -> -49), flying evasively
A: small, magic attunement, unstealthy, unfitting armour, able to fly, AC/SH +7
}: 1/15 runes: decaying
a: Stop Flying, Renounce Religion, Evoke Invisibility


You were on level 2 of the Lair of Beasts.
You worshipped Vehumet.
Vehumet was exalted by your worship.
You were not hungry.

You visited 5 branches of the dungeon, and saw 22 of its levels.
You also visited: Sewer.

You collected 2265 gold pieces.

Inventory:

Hand Weapons
 u - a +5 dagger of venom
 B - the +5 whip of Atul (weapon) {elec, +Inv rF- rC+ Int+3}
   (You found it on level 5 of the Dungeon)

   Occasionally, upon striking a foe, it will discharge some electrical energy
   and cause terrible harm.
   It affects your intelligence (+3).
   It makes you vulnerable to fire.
   It protects you from cold.
   It lets you turn invisible.
Armour
 g - a +1 pair of boots (worn)
 q - a +1 pair of gloves (worn)
 v - a +2 cloak (worn)
 y - the +8 medium shield of Qebroralau (worn) {+Fly rC+ MR++ Dex-2}
   (You found it on level 5 of the Dungeon)

   It affects your dexterity (-2).
   It protects you from cold.
   It affects your resistance to hostile enchantments.
   It lets you fly.
 O - a +2 hat (worn)
Magical Staves
 p - an uncursed staff of fire
 F - an uncursed staff of conjuration
 L - an uncursed staff of cold
 R - an uncursed staff of wizardry
Jewellery
 a - an uncursed ring of fire
 x - a +3 ring of slaying
 H - a +5 ring of strength (left hand)
 J - an uncursed ring of ice
 K - an amulet of the acrobat (around neck)
 M - a ring of wizardry (right hand)
Wands
 t - a wand of flame (55)
 C - a wand of digging (31)
 G - a wand of polymorph (10)
Scrolls
 d - 16 scrolls of remove curse
 f - 7 scrolls of amnesia
 h - 3 scrolls of blinking
 j - 4 scrolls of magic mapping
 Q - a scroll of fog
Potions
 b - 3 potions of magic
 c - 2 potions of mutation
 i - 17 potions of curing
 k - 5 potions of might
 l - 6 potions of brilliance
 m - 4 potions of ambrosia
 n - 3 potions of resistance
 o - 3 potions of haste
 r - a potion of cancellation
 w - a potion of lignification
 z - a potion of heal wounds
 D - a potion of agility
Comestibles
 e - 36 rations {!d}


   Skills:
 + Level 1.5 Fighting
 + Level 1.5 Maces & Flails
 + Level 8.7 Dodging
 - Level 3.2 Stealth
 * Level 14.4 Shields
 + Level 16.9 Spellcasting
 + Level 15.9 Conjurations
 + Level 1.7 Hexes
 + Level 11.8 Fire Magic
 * Level 10.6 Ice Magic
 + Level 12.6 Earth Magic


You had 13 spell levels left.
You knew the following spells:

 Your Spells              Type           Power        Failure   Level  Hunger
a - Magic Dart            Conj           ####         0%          1    None
b - Searing Ray           Conj           #######.     0%          2    None
c - Iskenderun's Mystic   Conj           #######.     1%          3    None
d - Flame Tongue          Conj/Fire      #####        1%          1    None
e - Bolt of Magma         Conj/Fire/Erth #######...   1%          5    None
f - Iron Shot             Conj/Erth      #######...   1%          6    None
g - Dazzling Spray        Conj/Hex       ######       1%          3    None
h - Bolt of Cold          Conj/Ice       ######....   1%          6    None
i - Bolt of Fire          Conj/Fire      #######...   1%          6    None

Your spell library contained the following spells:

 Spells                   Type           Power        Failure   Level  Hunger
 Icicle Burst             Conj/Ice       ######....   6%          7    None
 Ensorcelled Hibernation  Hex/Ice        ######       1%          2    None
 Ignite Poison            Fire/Tmut/Pois #####...     1%          3    None
 Fulminant Prism          Conj/Hex       ######....   1%          4    None
 Sticky Flame             Conj/Fire      #######.     1%          4    None
 Fireball                 Conj/Fire      #######...   1%          5    None
 Irradiate                Conj/Tmut      ######....   1%          5    None
 Orb of Destruction       Conj           #######...   2%          7    None
 Corona                   Hex            ####...      3%          1    None
 Ozocubu's Refrigeration  Ice            ######....   3%          6    None
 Petrify                  Tmut/Erth      ######..     4%          4    None
 Ice Form                 Ice/Tmut       #####...     7%          4    None
 Confuse                  Hex            ####....     9%          3    None
 Tukima's Dance           Hex            ####....     9%          3    None
 Sublimation of Blood     Necr           ###.......   10%         2    None
 Conjure Ball Lightning   Conj/Air       ######....   10%         6    None
 Yara's Violent Unravell  Hex/Tmut       ####......   12%         4    None
 Metabolic Englaciation   Hex/Ice        ######....   14%         5    None
 Mana Rupture             Conj/Hex       ######....   32%         7    None
 Freezing Cloud           Ice/Air        #####.....   69%         6    None
 Simulacrum               Ice/Necr       #####.....   69%         6    None
 Silence                  Hex/Air        ####......   73%         5    None
 Summon Lightning Spire   Summ/Air       ###.....     83%         5    None
 Deflect Missiles         Chrm/Air       ###.......   100%        6    None
 Tornado                  Air            ###.......   100%        9    None


Dungeon Overview and Level Annotations

Branches:
Dungeon (11/12)            Temple (0/1) D:5            Lair (6/6) D:7
  Swamp (3/3) Lair:4       Spider (1/3) Lair:2        Slime (0/5) Lair:5
    Orc (1/1) D:11            Elf (0/3) Orc          Vaults (0/3) D:11

Altars:
Ashenzari
Cheibriados
Dithmenos
Elyvilon
Fedhas
Gozag
Hepliaklqana
Makhleb
Sif Muna
Vehumet
Wu Jian
Yredelemnul
The Shining One
Beogh
Jiyva

Shops:
D:4 !   D:7 *   D:10 *   Orc ((%[

Annotations:
Lair:5 1 runed door


Innate Abilities, Weirdness & Mutations

Your spells do not cause hunger and MP costs are reduced by 1.
Your bright wings attract enemies. (Stealth-)
You cannot fit into any form of body armour.
Your shimmering scales are hard and can block incoming attacks. (AC +7, SH +7)
You are small and have problems with some larger weapons.
You can fly continuously.


Message History

You feel very sick.
* * * LOW HITPOINT WARNING * * *
You feel very sick.
* * * LOW HITPOINT WARNING * * *
You feel very sick. Something hits you!
* * * LOW HITPOINT WARNING * * *
You feel clumsy. Something hits you but does no damage.
Something completely misses you. Magic courses through your body.
* * * LOW HITPOINT WARNING * * *
You feel very sick. Something barely misses you. Something hits you.
* * * LOW HITPOINT WARNING * * *
You feel dopey. Something closely misses you.
Okay, then.
Okay, then.
You fail to use your ability.
You die...

.##P...##...#.#...####.....###.#.
.##.....###..#.#...##........###.
##P......#...##...............P##
.#..#..........................#
....####.#...P.##P.........(...#
..### ####......##.....<......##
....###.####.#..#.............#
.........######.#............##
................@....[......##
............................#
...♣..≈≈≈♣...............####
.P.P≈≈≈≈≈≈...........#####
###♣♣≈≈P≈♣♣##P######P# #P≈≈≈♣#
### ### ##♣≈P# ####


There were no monsters in sight!

Vanquished Creatures
  4 thorn hunters
  A vampire knight (Swamp:3)
  4 dire elephants (Lair:6)
  4 quicksilver dragon zombies (Swamp:3)
  Fannar (D:10)
  A yaktaur captain (D:11)
  15 hydras
  8 shambling mangroves
  A centaur warrior (D:9)
  An anaconda (Lair:6)
  6 ghost crabs (Swamp:3)
  A catoblepas (Lair:5)
  8 alligators
  A death knight (D:9)
  3 two-headed ogres
  7 death yaks (Lair:5)
  8 orc high priests (Orc)
  A tengu warrior (D:10)
  Sonja (Lair:3)
  Nergalle (Lair:3)
  The ghost of Lazarus1551 the Ruffian, a novice DrTm of Wu Jian (D:7)
  An anaconda zombie (Swamp:3)
  A storm dragon skeleton (D:9)
  A death drake (Swamp:2)
  An unseen horror (D:10)
  2 flayed ghosts (Swamp:3)
  3 spectral hydras (Swamp:3)
  2 spriggan druids (Swamp:3)
  3 swamp dragons (Swamp:3)
  2 phantasmal warriors (Swamp:3)
  2 cyclopes
  Pikel (D:9)
  4 oklob plants
  2 manticores
  A deep elf mage (D:11)
  An ugly thing (D:9)
  A black mamba (Lair:6)
  15 elephants (Lair:6)
  Joseph (D:9)
  4 kobold demonologists
  13 cane toads
  2 freezing wraiths (Swamp:3)
  4 rime drakes (Lair:4)
  2 yaktaurs (D:11)
  An efreet (D:11)
  A komodo dragon (shapeshifter) (D:10)
  8 komodo dragons
  5 trolls
  A harpy zombie (D:7)
  A polar bear (Lair:2)
  3 hydra zombies (Swamp:3)
  2 queen bees
  7 hornets
  8 hippogriffs
  8 tyrant leeches
  6 slime creatures (Swamp:2)
  6 dream sheep (Lair:6)
  5 bog bodies
  11 blink frogs
  4 spriggans
  A vampire (D:10)
  30 yaks
  Grum (D:9)
  A wyvern (D:8)
  5 basilisks
  10 insubstantial wisps
  16 vampire mosquitoes
  5 wargs (Orc)
  14 swamp worms
  13 crocodiles
  13 porcupines
  8 water moccasins
  5 swamp drakes
  14 orc warriors
  Duvessa (D:7)
  2 slaves (D:9)
  4 ice beasts
  5 black bears
  4 phantoms
  3 sky beasts
  A necrophage (D:5)
  7 ogres
  4 wolves (D:9)
  4 centaurs
  3 big kobolds
  11 bullfrogs
  3 jellies
  3 scorpions
  Dowan (D:7)
  46 killer bees
  3 wights (D:10)
  3 electric eels (Lair:3)
  3 howler monkeys (D:8)
  5 crimson imps
  3 hounds
  30 orc priests
  15 orc wizards
  6 centaur skeletons
  Jessica (D:3)
  An iguana (D:4)
  2 hell rats (Lair:2)
  8 worker ants
  A hound skeleton (D:5)
  A worker ant zombie (D:7)
  28 gnolls
  14 adders
  16 river rats
  A shadow imp (D:5)
  An adder zombie (D:9)
  4 adder skeletons
  4 worms
  3 dart slugs
  4 leopard geckos
  102 orcs
  12 giant cockroaches
  7 goblins
  9 hobgoblins
  22 jackals
  36 kobolds
  4 quokkas
  13 ball pythons
  5 bats
  7 frilled lizards
  A quokka skeleton (D:4)
  27 rats
  2 briar patches (Swamp:3)
  6 fungi (D:7)
  12 plants
884 creatures vanquished.

Vanquished Creatures (others)
  2 slaves (D:9)
  An orc (Orc)
  A briar patch (Swamp:3)
  10 fungi
  23 plants
37 creatures vanquished.

Grand Total: 921 creatures vanquished

Notes
Turn   | Place    | Note
-------+----------+-------------------------------------------
     0 | D:1      | funkygono the Fairy Conjurer began the quest for the Orb.
     0 | D:1      | Reached XP level 1. HP: 11/11 MP: 6/6
   186 | D:1      | Reached skill level 5 in Conjurations
   196 | D:1      | Reached XP level 2. HP: 13/17 MP: 7/7
   230 | D:1      | Reached skill level 3 in Spellcasting
   382 | D:1      | Learned a level 2 spell: Searing Ray
   486 | D:1      | Reached XP level 3. HP: 21/21 MP: 9/9
   498 | D:1      | Learned a level 3 spell: Iskenderun's Mystic Blast
  1059 | D:2      | Found a radiant altar of Vehumet.
  1067 | D:2      | Became a worshipper of Vehumet
  1187 | D:2      | Found a snail-covered altar of Cheibriados.
  1279 | D:2      | Reached XP level 4. HP: 27/27 MP: 11/11
  1712 | D:3      | Reached * piety under Vehumet
  1712 | D:3      | Offered knowledge of Shock by Vehumet.
  1822 | D:3      | Reached skill level 4 in Spellcasting
  1953 | D:3      | Reached XP level 5. HP: 31/31 MP: 11/13
  2021 | D:3      | Noticed a phantom
  2027 | D:3      | Killed a phantom
  2102 | D:3      | Reached skill level 5 in Spellcasting
  2102 | D:3      | Reached XP level 6. HP: 36/36 MP: 12/15
  2157 | D:3      | Offered knowledge of Flame Tongue by Vehumet.
  2160 | D:3      | Learned a level 1 spell: Flame Tongue
  2271 | D:3      | Reached ** piety under Vehumet
  2332 | D:3      | Noticed Jessica
  2338 | D:3      | Killed Jessica
  2345 | D:3      | Found a shimmering blue altar of Sif Muna.
  3031 | D:3      | Reached skill level 6 in Spellcasting
  3031 | D:3      | Reached skill level 1 in Fire Magic
  3031 | D:3      | Reached XP level 7. HP: 41/41 MP: 14/18
  3087 | D:3      | Reached skill level 1 in Shields
  3239 | D:3      | Offered knowledge of Dazzling Spray by Vehumet.
  3380 | D:4      | Reached skill level 7 in Spellcasting
  3380 | D:4      | Reached XP level 8. HP: 38/46 MP: 14/20
  3429 | D:4      | Found a shattered altar of Ashenzari.
  3655 | D:4      | Reached *** piety under Vehumet
  3732 | D:4      | Found Amuomoeh's Distillery.
  3782 | D:4      | Found an ornate altar of the Wu Jian Council.
  3785 | D:4      | Found an opulent altar of Gozag.
  3966 | D:5      | Entered Level 5 of the Dungeon
  3989 | D:5      | Reached skill level 5 in Fire Magic
  4168 | D:5      | Found a staircase to the Ecumenical Temple.
  4321 | D:5      | Found a glowing drain.
  4332 | D:5      | Reached skill level 8 in Spellcasting
  4481 | Sewer    | Entered a sewer
  4551 | Sewer    | Offered knowledge of Conjure Flame by Vehumet.
  4742 | Sewer    | Reached **** piety under Vehumet
  4776 | Sewer    | Offered knowledge of Bolt of Magma by Vehumet.
  4800 | Sewer    | Learned a level 5 spell: Bolt of Magma
  4958 | Sewer    | Reached XP level 9. HP: 51/51 MP: 14/23
  5083 | Sewer    | Identified a scroll of acquirement
  5359 | D:5      | Reached skill level 1 in Earth Magic
  5564 | D:5      | Got a polished medium shield
  5582 | D:5      | Got a fine whip
  6146 | D:6      | Found a glowing golden altar of the Shining One.
  6388 | D:6      | Found a blossoming altar of Fedhas.
  6393 | D:6      | Found a hazy altar of Hepliaklqana.
  6683 | D:7      | Reached skill level 9 in Spellcasting
  6782 | D:7      | Reached skill level 10 in Conjurations
  6878 | D:7      | Found a staircase to the Lair.
  6914 | D:7      | Found Eqiuroap's General Store.
  6942 | D:7      | Reached XP level 10. HP: 56/56 MP: 17/25
  7140 | D:7      | Found a runed translucent door.
  7140 | D:7      | Noticed Lazarus1551's ghost (novice DrTm)
  7156 | D:7      | Killed Lazarus1551's ghost
  7156 | D:7      | Reached skill level 5 in Earth Magic
  7682 | D:7      | Noticed Duvessa
  7682 | D:7      | Noticed Dowan
  7684 | D:7      | Killed Dowan
  7686 | D:7      | Killed Duvessa
  7686 | D:7      | Reached skill level 10 in Spellcasting
  7690 | D:7      | Reached ***** piety under Vehumet
  7833 | D:7      | Found a shadowy altar of Dithmenos.
  7941 | D:7      | Identified the +8 medium shield of Qebroralau {+Fly rC+
                  | MR++ Dex-2} (You found it on level 5 of the Dungeon)
  8269 | D:8      | Offered knowledge of Iron Shot by Vehumet.
  8427 | D:8      | Identified the +5 whip of Atul {elec, +Inv rF- rC+ Int+3}
                  | (You found it on level 5 of the Dungeon)
  8888 | D:8      | Reached skill level 11 in Spellcasting
  9254 | D:8      | Found a burning altar of Makhleb.
  9273 | D:8      | Learned a level 6 spell: Iron Shot
  9351 | D:9      | Noticed a centaur warrior
  9368 | D:9      | Reached XP level 11. HP: 35/61 MP: 25/28
  9370 | D:9      | Killed a centaur warrior
  9568 | D:9      | Reached skill level 5 in Shields
 10002 | D:9      | Noticed a two-headed ogre
 10005 | D:9      | Killed a two-headed ogre
 10098 | D:9      | Noticed Pikel
 10101 | D:9      | Killed Pikel
 10109 | D:9      | Reached skill level 12 in Spellcasting
 10191 | D:9      | Noticed a brown ugly thing
 10194 | D:9      | Killed a brown ugly thing
 10197 | D:9      | Noticed a death knight
 10202 | D:9      | Killed a death knight
 10222 | D:9      | Noticed Grum
 10233 | D:9      | Killed Grum
 10355 | D:9      | Noticed Joseph
 10357 | D:9      | Killed Joseph
 10418 | D:9      | Offered knowledge of Iskenderun's Battlesphere by Vehumet.
 10597 | D:9      | Found a white marble altar of Elyvilon.
 10864 | D:10     | Entered Level 10 of the Dungeon
 11017 | D:10     | Reached skill level 5 in Dodging
 11254 | D:10     | Found Qoutz's General Store.
 11265 | D:10     | Reached XP level 12. HP: 66/66 MP: 26/30
 11270 | D:10     | Learned a level 3 spell: Dazzling Spray
 11529 | D:10     | Noticed a five-headed hydra
 11534 | D:10     | Killed a five-headed hydra
 11586 | D:10     | Noticed a two-headed ogre
 11589 | D:10     | Killed a two-headed ogre
 11691 | D:10     | Noticed a tengu warrior
 11699 | D:10     | Killed a tengu warrior
 11856 | D:10     | Noticed Fannar
 11865 | D:10     | Killed Fannar
 11865 | D:10     | Reached skill level 13 in Spellcasting
 12316 | Lair:1   | Entered Level 1 of the Lair of Beasts
 12701 | Lair:1   | Got a faintly glowing large shield
 13425 | Lair:2   | Found a hole to the Spider Nest.
 13479 | Lair:2   | Noticed a seven-headed hydra
 13690 | Lair:2   | Killed a seven-headed hydra
 13742 | Lair:2   | Reached skill level 10 in Earth Magic
 13880 | Lair:2   | Got a fine mace
 13881 | Lair:2   | Identified the +7 mace of Infinite Pain {drain, +Inv rC++
                  | MR- Stlth+} (You found it on level 2 of the Lair of Beasts)
 14782 | Lair:2   | Learned a level 6 spell: Bolt of Cold
 14811 | Lair:3   | Reached skill level 10 in Fire Magic
 14895 | Lair:3   | Noticed Nergalle
 14898 | Lair:3   | Killed Nergalle
 14898 | Lair:3   | Reached skill level 1 in Ice Magic
 14898 | Lair:3   | Reached XP level 13. HP: 71/71 MP: 27/32
 14921 | Lair:3   | Noticed Sonja
 14926 | Lair:3   | Killed Sonja
 15816 | Lair:4   | Offered knowledge of Lightning Bolt by Vehumet.
 15997 | Lair:4   | Found a staircase to the Swamp.
 16939 | Lair:5   | Reached skill level 14 in Spellcasting
 17335 | Lair:5   | Found a runed door.
 17335 | Lair:5   | Found a viscous altar of Jiyva.
 17336 | Lair:5   | Found a staircase to the Slime Pits.
 17336 | Lair:5   | Noticed an acid blob
 17405 | Lair:5   | Reached skill level 10 in Shields
 17411 | Lair:5   | Reached skill level 1 in Hexes
 17966 | Lair:6   | Entered Level 6 of the Lair of Beasts
 17981 | Lair:6   | Reached skill level 5 in Ice Magic
 17981 | Lair:6   | Reached XP level 14. HP: 77/77 MP: 4/34
 18484 | Lair:6   | Reached skill level 1 in Maces & Flails
 19917 | Lair:6   | Noticed a dire elephant
 19923 | Lair:6   | Killed a dire elephant
 20038 | Lair:6   | Noticed a dire elephant
 20038 | Lair:6   | Noticed a dire elephant
 20048 | Lair:6   | Killed a dire elephant
 20056 | Lair:6   | Killed a dire elephant
 20056 | Lair:6   | Offered knowledge of Bolt of Draining by Vehumet.
 20301 | Lair:6   | Noticed a dire elephant
 20305 | Lair:6   | Killed a dire elephant
 20305 | Lair:6   | Reached skill level 15 in Spellcasting
 21199 | D:11     | Found a staircase to the Orcish Mines.
 22044 | D:11     | Reached XP level 15. HP: 81/81 MP: 7/36
 22185 | D:11     | Found a gate to the Vaults.
 22292 | Orc      | Entered the Orcish Mines
 22297 | Orc      | Offered knowledge of Spellforged Servitor by Vehumet.
 22667 | Orc      | Found a staircase to the Elven Halls.
 23191 | Orc      | Found a roughly hewn altar of Beogh.
 23273 | Orc      | Found Notyck Tuut's Antique Armour Emporium.
 23388 | Orc      | Found Avith's Food Boutique.
 23800 | Orc      | Found a roughly hewn altar of Beogh.
 23896 | Orc      | Found Myodwo's Weapon Emporium.
 24046 | Orc      | Found Jeesm's Antique Weapon Boutique.
 24655 | Swamp:1  | Entered Level 1 of the Swamp
 25216 | Swamp:1  | Identified Vyotat Wygua's Almanac of Confrontation and
                  | Curses
 25743 | Swamp:2  | Offered knowledge of Bolt of Fire by Vehumet.
 25759 | Swamp:2  | Reached skill level 1 in Fighting
 26264 | Swamp:2  | Upgraded the game from bcrawl-1.23 to bcrawl-1.23.1
 26880 | Swamp:2  | Reached skill level 16 in Spellcasting
 26880 | Swamp:2  | Reached skill level 15 in Conjurations
 27282 | Swamp:2  | Noticed a thorn hunter
 27291 | Swamp:2  | Killed a thorn hunter
 27479 | Swamp:2  | Learned a level 6 spell: Bolt of Fire
 27502 | Swamp:3  | Entered Level 3 of the Swamp
 27508 | Swamp:3  | Noticed a thorn hunter
 27993 | Swamp:3  | Killed a thorn hunter
 27993 | Swamp:3  | Reached XP level 16. HP: 88/89 MP: 20/38
 29020 | Swamp:3  | Noticed a thorn hunter
 29024 | Swamp:3  | Killed a thorn hunter
 29248 | Swamp:3  | Reached ****** piety under Vehumet
 29248 | Swamp:3  | Reached skill level 10 in Ice Magic
 29678 | Swamp:3  | Noticed a thorn hunter
 29688 | Swamp:3  | Killed a thorn hunter
 30230 | Swamp:3  | Offered knowledge of Icicle Burst by Vehumet.
 30249 | Swamp:3  | HP: 2/89 [shambling mangrove (18)]
 30250 | Swamp:3  | Mangled by a shambling mangrove
 30251 | Swamp:3  | Reached XP level 15. HP: -13/83 MP: 13/37
 30327 | Swamp:3  | Found a blossoming altar of Fedhas.
 30929 | Swamp:3  | Found a basalt altar of Yredelemnul.
 30952 | Swamp:3  | Demolished by a phantasmal warrior
 30953 | Swamp:3  | Reached XP level 14. HP: -20/79 MP: 11/36
 31327 | Swamp:3  | Got a decaying rune of Zot
 31716 | Spider:1 | Entered Level 1 of the Spider Nest
 31797 | Lair:2   | HP: 1/79 [something (3)]
 31798 | Lair:2   | Succumbed to a ghost moth's poison

Skill      XL: |  1  2  3  4  5  6  7  8  9 10 11 12 13 14 15 16 |
---------------+-------------------------------------------------+-----
Conjurations   | 5 6 7 8 9 10 11 12 13 14 15 | 15.9
Spellcasting   | 3 4 5 6 7 8 9 11 12 13 14 15 16 | 16.9
Dodging        | 3 5 7 8 |  8.7
Stealth        | 2 3 |  3.2
Fire Magic     | 1 3 5 7 8 9 10 11 | 11.8
Shields        | 1 2 4 6 8 10 11 13 14 | 14.4
Earth Magic    | 4 6 7 10 11 12 | 12.6
Ice Magic      | 1 5 7 9 10 | 10.6
Hexes          | 1 |  1.7
Maces & Flails | 1 |  1.5
Fighting       | 1 |  1.5

Action                   |  1- 3 |  4- 6 |  7- 9 | 10-12 | 13-15 | 16-18 || total
-------------------------+-------+-------+-------+-------+-------+-------++-------
Melee: Dagger            |     1 |     1 |     4 |     2 |       |       ||     8
       Whip              |       |       |       |    55 |    78 |     1 ||   134
 Cast: Magic Dart        |    54 |    87 |    65 |   131 |   209 |    44 ||   590
       Searing Ray       |     7 |     7 |     6 |    39 |    77 |    17 ||   153
       Iskenderun's Myst |     1 |     5 |    53 |     8 |     9 |       ||    76
       Flame Tongue      |       |    28 |    97 |    31 |    10 |       ||   166
       Bolt of Magma     |       |       |    34 |   102 |   178 |     2 ||   316
       Iron Shot         |       |       |       |    38 |    69 |    21 ||   128
       Dazzling Spray    |       |       |       |     1 |    65 |       ||    66
       Bolt of Cold      |       |       |       |       |    95 |     6 ||   101
       Bolt of Fire      |       |       |       |       |    46 |    53 ||    99
  Use: Scroll            |     5 |     4 |    10 |     7 |    22 |     1 ||    49
       Potion            |       |       |       |     1 |     7 |     1 ||     9
 Stab: Invisible         |       |       |       |       |     2 |       ||     2
  Eat: Chunk             |     1 |     5 |    12 |    15 |    15 |     1 ||    49
       Ration            |       |       |       |     4 |     6 |     1 ||    11
Armor: Skin              |     2 |     2 |     4 |    14 |   102 |    32 ||   156
Dodge: Dodged            |    14 |    12 |    10 |    64 |   300 |    55 ||   455
Block: Other             |     5 |     2 |       |     5 |       |       ||    12
       Buckler           |       |    13 |    23 |    66 |       |       ||   102
       Medium shield     |       |       |       |    33 |   702 |   134 ||   869
